 Dungeon Crawl Stone Soup version 0.24.0 (webtiles) character file.

Game seed: 2446920981109673244, levelgen mode: deterministic

84 Mrkan the Slasher (level 4, -1/28 HPs)
             Began as a Tengu Fighter on Oct 25, 2019.
             Slain by a gnoll
             ... wielding a +0 spear
              (7 damage)
             ... on level 3 of the Dungeon.
             The game lasted 00:02:44 (1999 turns).

Mrkan the Slasher (Tengu Fighter)                   Turns: 1999, Time: 00:02:45

Health: -1/28      AC:  6    Str: 18    XL:     4   Next: 46%
Magic:  5/5        EV:  7    Int:  8    God:
Gold:   93         SH:  9    Dex: 13    Spells: 3/3 levels left

rFire    . . .     SeeInvis .   a - +0 long sword
rCold    . . .     Gourm    .   c - +0 shield
rNeg     . . .     Faith    .   b - +0 scale mail
rPois    .         Spirit   .   (helmet restricted)
rElec    .         Reflect  .   (no cloak)
rCorr    .         Harm     .   (no gloves)
MR       .....                  (boots unavailable)
Stlth    ..........             (no amulet)
HPRegen  0.09/turn              (no ring)
MPRegen  0.09/turn              (no ring)

@: lightly drained
A: beak, talons 3
a: no special abilities


You were on level 3 of the Dungeon.
You were not hungry.

You visited 1 branch of the dungeon, and saw 3 of its levels.

You collected 93 gold pieces.

Inventory:

Hand Weapons
 a - a +0 long sword (weapon)
Armour
 b - a +0 scale mail (worn)
 c - a +0 shield (worn)
Jewellery
 k - an uncursed ring of protection from fire {unknown}
Scrolls
 e - 2 scrolls of noise {unknown}
 h - 4 scrolls of amnesia {unknown}
 i - a scroll of immolation {unknown}
 m - a scroll of blinking {unknown}
 p - a scroll of random uselessness {unknown}
Potions
 d - a potion of might
 g - 2 potions of lignification {unknown}
 j - a potion of flight {unknown}
 n - a potion of curing {unknown}
 o - a potion of agility {unknown}
Comestibles
 f - 2 rations
 l - a chunk of flesh


   Skills:
 + Level 3.6(3.5) Fighting
 * Level 3.8 Long Blades
 - Level 3.2 Armour
 + Level 3.6(3.5) Shields


You had 3 spell levels left.
You didn't know any spells.
Your spell library was empty.

Dungeon Overview and Level Annotations

Branches:
Dungeon (3/15)

Altars:


Innate Abilities, Weirdness & Mutations

You have a beak for a mouth.
You have claws for feet.


Message History

You block the quokka's attack.
Your shield prevents you from hitting the quokka.
Your peck misses the quokka.
The quokka is moderately wounded.
The gnoll hits you from afar with a +0 spear.
The quokka bites you.
The gnoll hits you from afar with a +0 spear!
You miss the quokka. Your kick misses the quokka. You peck the quokka.
You kill the quokka!
You block the gnoll's attack.
The leopard gecko bites you but does no damage.
You slash the leopard gecko!
You kill the leopard gecko!
The gnoll hits you from afar with a +0 spear!
The gnoll hits you with a +0 spear.
* * * LOW HITPOINT WARNING * * *
Things that are here:
a +0 halberd; a scroll labeled BAHAOD JYRUTES The gnoll hits you from afar with a +0 spear!
You die...

..
......>..#.....#
... #..#.
#.....##### ...#
#..####..##⌠#.##
...
#.(....##......
..#
##.#####..⌠###.
#.###.## ##÷..##
#. . #.#.##
#⌠..## #.#
....#######..#
#.<.# ##.
.........)@..#
#⌠..######
###.##.#g###.#
##...##... #.#g#
#.# ##..⌠####
..... #(.
##..'...
##.#..##)##
##⌠#.#)
.....##.# ###...
.#..... .#
#..... ..###...
## ######


You could see a gnoll.

Vanquished Creatures
  A gnoll (D:3)
  An adder (D:2)
  4 worms (D:2)
  3 dart slugs
  3 leopard geckos
  5 bats
  2 giant cockroaches
  5 hobgoblins
  2 jackals (D:2)
  7 kobolds
  A quokka (D:3)
  2 ball pythons (D:2)
  3 frilled lizards (D:1)
  4 goblins
  2 rats
45 creatures vanquished.

Notes
Turn   | Place    | Note
-------+----------+-------------------------------------------
     0 | D:1      | Mrkan the Tengu Fighter began the quest for the Orb.
     0 | D:1      | Reached XP level 1. HP: 14/14 MP: 2/2
    73 | D:1      | Reached XP level 2. HP: 12/19 MP: 3/3
   548 | D:1      | Reached XP level 3. HP: 23/23 MP: 4/4
   878 | D:2      | Found a faded altar of an unknown god.
  1633 | D:2      | Reached XP level 4. HP: 28/28 MP: 5/5
  1999 | D:3      | Slain by a gnoll

Levels and vault maps discovered:
D:1:      dpeg_arrival_stonehenge_12_columns, layout_basic
D:2:      layout_loops_ring, serial_co_window_serial, co_window_paths_a,
          co_window_paths_a, co_window_paths_a, co_window_of_opportunity_a,
          co_window_paths_a, co_window_of_opportunity_c, co_window_corner_b,
          co_window_paths_c, chequers_ecumenical_altar_twisty,
          minmay_misc_feat_pillars
D:3:      layout_loops_cross, minmay_misc_feat_tower, grunt_ministairs_8,
          makhleb_altar_promises_db
